 Dungeon Crawl Stone Soup version 0.32-a0-672-gff75c0dad8 (webtiles) character file.

Game seed: 6573714611249662895

47859 abdbla the Grappler (level 14, -5/141 HPs)
             Began as a Troll Shapeshifter on Mar 10, 2024.
             Was the Champion of Okawaru.
             Slain by a 12-headed hydra (11 damage)
             ... on level 5 of the Lair of Beasts.
             The game lasted 01:06:35 (14121 turns).

abdbla the Grappler (Troll Shapeshifter)           Turns: 14121, Time: 01:06:36

Health: -5/141     AC:  2    Str: 29    XL:     14   Next: 10%
Magic:  18/18      EV: 15    Int: 10    God:    Okawaru [******]
Gold:   412        SH:  5    Dex:  9    Spells: 13/13 levels left

rFire   + .          .
                       - Unarmed
rCold   + + .        (no shield)
rNeg    . . .        p - melded +2 gold dragon scales
rPois   .            (helmet restricted)
rElec   .            (no cloak)
rCorr   .            (gloves unavailable)
SInv    .            (boots unavailable)
Will    +....        e - amulet of reflection
Stlth   +            o - +5 ring of evasion
HPRegen 1.23/turn    g - ring of Bebry {rF+ rC++ Int+4}
MPRegen 0.16/turn

%: reflection
@: maw-form
A: devouring maw, large, unfitting armour, claws 3, regeneration 1, shaggy fur
1, tough skin 1
a: Begin Untransformation, Renounce Religion, Heroism, Finesse, Duel, Receive
Weapon, Receive Armour


You were on level 5 of the Lair of Beasts.
You worshipped Okawaru.
Okawaru was exalted by your worship.
You were a creature with a mouth for a stomach.
You visited 3 branches of the dungeon, and saw 14 of its levels.
You also visited: Sewer, Ossuary and Bailey.

You collected 2062 gold pieces.
You spent 1650 gold pieces at shops.

Inventory:

Missiles
 b - 2 throwing nets
 m - a silver javelin
 y - a large rock (quivered)
 L - 9 javelins
Armour
 p - +2 gold dragon scales (melded)
Jewellery
 e - an amulet of reflection (around neck)
 g - the ring of Bebry (right claw) {rF+ rC++ Int+4}
   (You bought it in a shop on level 6 of the Dungeon)

   [ring of protection from fire]

   Int+4:     It affects your intelligence (+4).
   rF+:       It protects you from fire.
   rC++:      It greatly protects you from cold.
 o - a +5 ring of evasion (left claw)
 A - a ring of positive energy
 E - a ring of willpower
 F - an amulet of faith
Talismans
 c - a beast talisman
 d - a flux talisman
 D - a blade talisman
 M - a maw talisman (active)
Wands
 a - a wand of paralysis (21)
 l - a wand of flame (44)
 t - a wand of polymorph (17)
 K - a wand of iceblast (2)
Scrolls
 j - a scroll of butterflies
 s - 3 scrolls of fog
 u - 3 scrolls of teleportation
 w - a scroll of acquirement
 G - a scroll of fear
 I - 2 scrolls of poison
 J - a scroll of revelation
Potions
 f - a potion of haste
 h - 2 potions of ambrosia
 i - a potion of magic
 k - 8 potions of enlightenment
 n - 2 potions of invisibility
 q - a potion of might
 r - 7 potions of curing
 v - 2 potions of cancellation
 x - 2 potions of berserk rage
 z - 4 potions of mutation
 B - a potion of brilliance
 C - a potion of attraction
Miscellaneous
 H - a phial of floods


   Skills:
 + Level 9.7 Fighting
 + Level 10.1 Armour
 - Level 2.8 Dodging
 + Level 12.6 Unarmed Combat
 - Level 7.0 Invocations
 - Level 11.3 Shapeshifting


You had 13 spell levels left.
You didn't know any spells.
Your spell library contained the following spells:

 Spells                   Type           Power      Damage    Failure   Level
 Mercury Vapours          Alch/Air       0%         N/A       50%         2
 Scorch                   Fire           0%         2d5       50%         2
 Mephitic Cloud           Conj/Alch/Air  0%         N/A       75%         3
 Flame Wave               Conj/Fire      0%         2d4       98%         4
 Manifold Assault         Tloc           0%         N/A       98%         4
 Freezing Cloud           Conj/Ice/Air   0%         6-21      100%        5
 Dispersal                Tloc           0%         N/A       100%        6
 Disjunction              Tloc           0%         N/A       100%        8
 Summon Small Mammal      Summ           Unusable   N/A       N/A         1
 Call Canine Familiar     Summ           Unusable   N/A       N/A         3
 Summon Blazeheart Golem  Fire/Summ      Unusable   N/A       N/A         4
 Summon Cactus Giant      Summ           Unusable   N/A       N/A         6

Dungeon Overview and Level Annotations

Branches:
Dungeon (8/15)             Temple (1/1) D:5            Lair (5/5) D:8
 Shoals (0/4) Lair:3        Snake (0/4) Lair:3        Sewer (visited)
Ossuary (visited)          Bailey (visited)
  Slime: Lair:4-5

Altars:
Ashenzari
Dithmenos
Elyvilon
Fedhas
Gozag
Hepliaklqana
Kikubaaqudgha
Makhleb
Nemelex Xobeh
Okawaru
Qazlal
Ru
Sif Muna
Trog
Uskayaw
Vehumet
Wu Jian
Xom
Yredelemnul
Zin
The Shining One

Shops:
D:3 ([   D:6 =*(

Annotations:
Lair:4 exclusion: oklob plant


Innate Abilities, Weirdness & Mutations

You are a creature with a mouth for a stomach.
Your midsection houses a second, enormous mouth.
You are too large for most types of armour.
You have claws for hands.
Your natural rate of healing is unusually fast.
You are covered in fur. (AC +1)
You have tough skin. (AC +1)


Message History

You hear a howl! x4
A wolf comes into view.
The ten-headed hydra closely misses you.
The ten-headed hydra bites you! The ten-headed hydra bites you. x2
The ten-headed hydra bites you!
The ten-headed hydra closely misses you.
The ten-headed hydra bites you! The ten-headed hydra barely misses you.
The ten-headed hydra bites you!
The ten-headed hydra closely misses you.
You hear a howl!
You claw one of the ten-headed hydra's heads off!
The nine-headed hydra grows two more!
You claw the 11-headed hydra!
The 11-headed hydra is severely wounded.
Unknown command.
Unknown command.
You claw one of the 11-headed hydra's heads off!
The ten-headed hydra grows two more!
You mangle the 12-headed hydra!!
The 12-headed hydra is almost dead.
You hear a howl!
A wolf comes into view.
The 12-headed hydra misses you. The 12-headed hydra closely misses you.
The 12-headed hydra misses you. The 12-headed hydra bites you!
You block the 12-headed hydra's attack. The 12-headed hydra bites you.
The 12-headed hydra bites you! x2
* * * LOW HITPOINT WARNING * * *
The 12-headed hydra barely misses you. The 12-headed hydra closely misses you.
The 12-headed hydra bites you!
* * * LOW HITPOINT WARNING * * *
The 12-headed hydra bites you!
* * * LOW HITPOINT WARNING * * *
Okay, then.
As you read the scroll of fear, it crumbles to dust.
You assume a fearsome visage.
The wolf looks frightened! x3
The 12-headed hydra looks frightened!
Cornered, the wolf turns to fight!
You barely miss the 12-headed hydra.
The 12-headed hydra is almost dead.
Cornered, the 12-headed hydra turns to fight!
The 12-headed hydra completely misses you.
The 12-headed hydra bites you!
You die...

#♣♣ ♣♣♣♣ ♣♣♣♣ #P♣♣♣♣
♣♣..♣♣.....♣♣♣♣
###h..h♣♣♣.......♣♣....♣♣
#...♣♣♣DW...♣♣ ♣.....
##..♣ ♣♣♣♣♣..♣♣ ♣...
#P..#♣ ♣♣..♣♣♣♣♣♣♣♣... .
##...♣ ♣.♣.)...♣♣...♣♣
.........D....♣
♣.♣♣♣♣♣.....♣♣♣♣
........#.#....♣♣..
♣♣♣♣.♣♣
..#.....#.#....♣♣. ♣♣♣
..P....#....##♣♣♣.
......#.#.P.# ♣ ♣.


You could see a 12-headed hydra and 2 wolves.

Vanquished Creatures
  Kirke (Lair:3)
  Gastronok (Lair:3)
  2 hydras (Lair:2)
  An anaconda (Lair:3)
  Erica (D:7)
  Nergalle (Lair:2)
  2 skysharks
  2 lindwurms (Lair:3)
  An orc knight (Bailey)
  A salamander (Lair:3)
  22 elephants
  Joseph (D:7)
  A torpor snail (Lair:4)
  A black mamba (Lair:2)
  10 cane toads
  2 rime drakes (Lair:2)
  Jeremiah (D:7)
  7 komodo dragons
  6 hornets
  6 polar bears
  Grinder (D:4)
  19 blink frogs
  A dream sheep (Lair:5)
  A snapping turtle (Lair:3)
  Sigmund (D:2)
  19 spriggans
  7 hogs (Lair:3)
  A water elemental (Lair:3)
  3 wyverns
  39 yaks
  3 steam dragons
  A basilisk (Lair:3)
  Menkaure (D:7)
  15 water moccasins
  2 black bears (Lair:5)
  3 orc warriors (Bailey)
  3 sky beasts
  46 wolves
  A boggart (Lair:5)
  2 ogres
  A centaur (D:7)
  3 phantoms
  8 kobold brigands
  13 bullfrogs
  3 scorpions
  4 wights (D:6)
  2 electric eels
  3 howler monkeys
  2 lava snakes (Lair:3)
  2 bombardier beetles
  A gnoll bouda (D:5)
  4 hounds
  3 jellies (Lair:5)
  An orc priest (D:4)
  3 sleepcaps (D:6)
  3 iguanas
  3 orc wizards
  4 hell rats (Lair:3)
  8 mummies (Ossuary)
  8 gnolls
  3 adders
  2 river rats (Sewer)
  5 shadow imps
  A white imp (D:8)
  3 ufetubi
  4 dart slugs
  4 ribbon worms
  19 orcs
  10 endoplasms
  10 goblins
  7 hobgoblins
  4 jackals
  5 quokkas
  11 ball pythons
  3 bats
  2 frilled lizards
  3 gnoll zombies (Ossuary)
  3 hobgoblin zombies (Ossuary)
  20 kobolds
  A kobold zombie (Ossuary)
  An orc zombie (Ossuary)
  6 rats
445 creatures vanquished.

Vanquished Creatures (others)
  A hornet (Lair:5)
1 creature vanquished.

Grand Total: 446 creatures vanquished

Notes
Turn   | Place    | Note
-------+----------+-------------------------------------------
     0 | D:1      | abdbla the Troll Shapeshifter began the quest for the Orb.
     0 | D:1      | Reached XP level 1. HP: 18/18 MP: 0/0
    86 | D:1      | Reached skill level 1 in Fighting
   134 | D:1      | Reached XP level 2. HP: 27/27 MP: 1/1
   186 | D:1      | Found a faded altar of an unknown god.
   877 | D:2      | Reached XP level 3. HP: 31/33 MP: 2/2
   903 | D:2      | Noticed Sigmund
   910 | D:2      | Killed Sigmund
   911 | D:2      | Reached skill level 4 in Unarmed Combat
   911 | D:2      | Reached XP level 4. HP: 42/42 MP: 3/3
   911 | D:2      | Reached XP level 5. HP: 49/49 MP: 4/4
  1190 | D:2      | Identified the +2 leather armour of Beyond {Rampage Str+3
                  | Dex-3}
  1406 | D:3      | Noticed a phantom
  1430 | D:3      | Killed a phantom
  1431 | D:3      | Reached XP level 6. HP: 59/59 MP: 5/5
  1455 | D:3      | Found Xeph's Weapon Boutique.
  1469 | D:3      | Reached skill level 1 in Armour
  1650 | D:3      | Found a sacrificial altar of Ru.
  1684 | D:3      | Found Qaejojerch's Armour Shop.
  2021 | D:4      | Identified a scroll of acquirement
  2178 | D:4      | Acquired 1239 gold pieces
  2326 | D:4      | Found an iron altar of Okawaru.
  2337 | D:4      | Reached XP level 7. HP: 67/67 MP: 6/6
  2418 | D:4      | Found a white marble altar of Elyvilon.
  2428 | D:4      | You fall into a shaft and drop 3 floors!
  2428 | D:7      | Found a stormy altar of Qazlal.
  2441 | D:7      | Noticed Menkaure
  2445 | D:7      | Killed Menkaure
  2446 | D:7      | Reached skill level 5 in Unarmed Combat
  2459 | D:7      | Noticed Joseph
  2484 | D:7      | Killed Joseph
  2485 | D:7      | Reached skill level 5 in Shapeshifting
  2485 | D:7      | Reached XP level 8. HP: 26/78 MP: 7/7
  2546 | D:7      | Found a sand-covered staircase.
  2569 | Ossuary  | Entered an ossuary
  2816 | D:6      | Found Ziump's Jewellery Shoppe.
  2816 | D:6      | Found Zuuqixyl's General Store.
  2816 | D:6      | Found Nousohi's Antique Weapon Shoppe.
  2818 | D:6      | Bought an amulet of reflection for 420 gold pieces
  2818 | D:6      | Bought the ring of Bebry {rF+ rC++ Int+4} for 810 gold
                  | pieces
  2852 | D:7      | Reached skill level 6 in Unarmed Combat
  2881 | D:6      | Found a broken altar of Ashenzari.
  2945 | D:6      | Found a glowing drain.
  2963 | Sewer    | Entered a sewer
  3072 | Sewer    | Found a glowing silver altar of Zin.
  3165 | D:6      | Reached XP level 9. HP: 87/87 MP: 8/8
  3228 | D:6      | Identified the +0 sling of Esibois {elec, rC++ Str+3}
  3276 | D:5      | Entered Level 5 of the Dungeon
  3395 | D:4      | Noticed Grinder
  3408 | D:4      | Paralysed by Grinder for 2 turns
  3417 | D:4      | Killed Grinder
  3418 | D:4      | Reached skill level 5 in Fighting
  3584 | D:4      | Found an ancient bone altar of Kikubaaqudgha.
  3584 | D:4      | Found a basalt altar of Yredelemnul.
  3785 | D:5      | Reached skill level 7 in Unarmed Combat
  3817 | D:5      | Found a staircase to the Ecumenical Temple.
  3824 | Temple   | Entered the Ecumenical Temple
  3890 | D:4      | Became a worshipper of Warmaster Okawaru
  5239 | D:7      | Noticed Jeremiah
  5257 | D:7      | Killed Jeremiah
  5257 | D:7      | Reached * piety under Okawaru
  5258 | D:7      | Reached skill level 5 in Armour
  5417 | D:8      | Noticed Erica
  5437 | D:7      | Killed Erica
  5437 | D:7      | Reached ** piety under Okawaru
  5438 | D:7      | Reached skill level 8 in Unarmed Combat
  5438 | D:7      | Reached XP level 10. HP: 80/98 MP: 9/9
  5548 | D:8      | Found a staircase to the Lair.
  5679 | D:8      | Found a bloodstained altar of Trog.
  5741 | D:8      | Found a flagged portal.
  5754 | Bailey   | Entered a bailey
  5905 | Bailey   | Noticed an orc knight
  5921 | Bailey   | Killed an orc knight
  5939 | Bailey   | Found an iron altar of Okawaru.
  5951 | Bailey   | Identified the +7 orcbow of Disintegration {drain, Str+5}
  6457 | Lair:1   | Entered Level 1 of the Lair of Beasts
  6468 | D:8      | Reached *** piety under Okawaru
  6486 | D:8      | Reached skill level 1 in Invocations
  6491 | Lair:1   | Noticed a spriggan rider
  6519 | Lair:1   | Reached skill level 9 in Unarmed Combat
  6621 | Lair:1   | Reached **** piety under Okawaru
  6659 | Lair:1   | Reached XP level 11. HP: 95/107 MP: 11/11
  6864 | Lair:1   | Reached ***** piety under Okawaru
  7393 | Lair:1   | Noticed a skyshark
  7412 | Lair:1   | Killed a skyshark
  7743 | Lair:2   | Found a shimmering blue altar of Sif Muna.
  7751 | Lair:2   | Noticed Nergalle
  7762 | Lair:2   | Killed Nergalle
  7762 | Lair:2   | Received a gift from Okawaru
  7827 | Lair:2   | Reached skill level 10 in Shapeshifting
  8226 | Lair:2   | Noticed a seven-headed hydra
  8286 | Lair:2   | Killed a seven-headed hydra
  8287 | Lair:2   | Reached skill level 10 in Unarmed Combat
  8434 | Lair:2   | Noticed a five-headed hydra
  8459 | Lair:2   | Killed a five-headed hydra
  8545 | Lair:2   | Reached XP level 12. HP: 118/118 MP: 14/14
  9280 | Lair:3   | Noticed Gastronok
  9289 | Lair:3   | Killed Gastronok
  9290 | Lair:3   | Reached skill level 5 in Invocations
  9301 | Lair:3   | Received a gift from Okawaru
  9450 | Lair:3   | Found a staircase to the Snake Pit.
  9536 | Lair:3   | Received a gift from Okawaru
  9817 | Lair:3   | Found a staircase to the Shoals.
  9825 | Lair:3   | Reached ****** piety under Okawaru
  9974 | Lair:3   | Noticed a four-headed hydra
  9978 | Lair:3   | a four-headed hydra changed into an anaconda
  9978 | Lair:3   | Noticed an anaconda
  9987 | Lair:3   | Killed an anaconda
  9987 | Lair:3   | Received a gift from Okawaru
  9988 | Lair:3   | Reached skill level 11 in Unarmed Combat
 10053 | Lair:3   | Noticed Kirke
 10115 | Lair:3   | Killed Kirke
 10116 | Lair:3   | Reached XP level 13. HP: 110/127 MP: 16/16
 10332 | Lair:3   | Identified the +5 quarterstaff of Cocytus {flame, rElec
                  | Will+}
 11420 | Lair:4   | Received a gift from Okawaru
 12165 | Lair:5   | Entered Level 5 of the Lair of Beasts
 12529 | Lair:5   | Reached skill level 12 in Unarmed Combat
 12650 | Lair:5   | Received a gift from Okawaru
 13279 | D:6      | Bought a maw talisman for 420 gold pieces
 13818 | Lair:5   | Received a gift from Okawaru
 13830 | Lair:4   | Reached skill level 10 in Armour
 13981 | Lair:5   | Reached XP level 14. HP: 124/140 MP: 18/18
 14119 | Lair:5   | HP: 4/141 [12-headed hydra (14)]
 14121 | Lair:5   | Slain by a 12-headed hydra

Illustrated notes

Levels and vault maps discovered:
D:1:      psy_arrival_spokes, layout_basic, ebering_ecumenical_altar_abandoned
D:2:      layout_basic, st_stairs_7, wad_floor_pattern_1, uniq_sigmund
D:3:      layout_loops_cross, general_overflow_altar, serial_shops, shop, shop,
          nicolae_wormholes
D:4:      layout_rooms, mainiacjoe_overflow_alcove_2,
          gammafunk_temple_overflow_forgotten, st_stairs_7, uniq_grinder
D:5:      layout_rooms, minmay_temple_entry_sparse_star
D:6:      layout_loops_ring, cheibrodos_ashenzari_chains,
          cheibrodos_sewer_entry_bend, nicolae_shop_distant_corner_stores
D:7:      layout_basic, mainiacjoe_overflow_catwalk,
          chequers_ossuary_entry_cave, moated_statue, uniq_menkaure,
          uniq_jeremiah, uniq_joseph
D:8:      layout_rooms, lightli_temple_of_fire, david_lair_shrubbed,
          enter_bailey_5, serial_demonic, serial_demonic_e, serial_demonic_b,
          serial_demonic_d, serial_demonic_e, serial_demonic_e,
          hangedman_decor_diamond_cutter, uniq_erica
Temple:   nicolae_temple_god_jail
Lair:1:   kb_forest_paths, layout_gridlike, grunt_forest_large_clearings,
          serial_bayou_shore_a
Lair:2:   layout_small_grid, basic_altar, uniq_nergalle
Lair:3:   layout_roguey, minmay_shoals_entry_hut,
          nicolae_snake_entry_warm_welcome, grunt_megastairs_4, uniq_gastronok,
          uniq_kirke
Lair:4:   layout_small_grid
Lair:5:   minmay_lair_end_enchanted_forest, layout_loops_ring,
          minmay_slime_entry_jelly_boxes, lemuel_old_faithful,
          infiniplex_staircase_pool

Skill      XL: |  1  2  3  4  5  6  7  8  9 10 11 12 13 |
---------------+----------------------------------------+-----
Fighting       | 1 2 3 4 6 7 8 9 |  9.7
Dodging        | 2 |  2.8
Unarmed Combat | 4 5 6 8 9 10 11 12 | 12.6
Shapeshifting  | 4 5 6 7 8 10 11 | 11.3
Armour         | 1 2 4 5 6 7 8 10 | 10.1
Invocations    | 2 4 6 7 |  7.0

Action                     |  1- 3 |  4- 6 |  7- 9 | 10-12 | 13-15 || total
---------------------------+-------+-------+-------+-------+-------++-------
  Melee: Unarmed           |    54 |    78 |   303 |   583 |   425 ||  1443
         Punch             |       |     2 |    13 |    40 |    31 ||    86
         Maw               |       |       |       |       |    16 ||    16
 Invoke: Heroism           |       |       |       |     2 |       ||     2
  Evoke: Wand              |       |       |       |     3 |       ||     3
    Use: Scroll            |       |    11 |     4 |    15 |     3 ||    33
         Potion            |       |       |       |     5 |     1 ||     6
 Armour: Animal skin       |    29 |    23 |       |       |       ||    52
         Gold dragon scale |       |    28 |   215 |   518 |   372 ||  1133
         Skin              |       |       |       |    56 |    46 ||   102
  Dodge: Dodged            |    21 |    24 |    74 |   223 |   191 ||   533
  Block: Other             |       |       |    28 |   114 |    77 ||   219
         Reflection        |       |       |     1 |     5 |     4 ||    10
   Form: Blade             |       |       |       |     2 |       ||     2
         Flux              |       |       |       |     1 |       ||     1
         Maw               |       |       |       |       |     1 ||     1

Table legend: (Time is in decaauts)
 A = Elapsed time spent in this place.
 B = Non-inter-level travel time spent in this place.
 C = Inter-level travel time spent in this place.
 D = Time resting spent in this place.
 E = Time spent auto-exploring this place.
 F = Levels seen in this place.
 G = Mean time per level.
                   A        B        C        D        E       F      G
               +--------+--------+--------+--------+--------+-----+--------+
         Total |  13997 |  12649 |   1348 |   2183 |   5427 |  17 |  823.4 |
       Dungeon |   5900 |   5217 |    683 |    434 |   3424 |   8 |  737.5 |
        Temple |      1 |      1 |      0 |      0 |      0 |   1 |    1.0 |
          Lair |   7364 |   6699 |    665 |   1580 |   1899 |   5 | 1472.8 |
         Sewer |    150 |    150 |      0 |      0 |    104 |   1 |  150.0 |
       Ossuary |    226 |    226 |      0 |      8 |      0 |   1 |  226.0 |
        Bailey |    354 |    354 |      0 |    161 |      0 |   1 |  354.0 |
               +--------+--------+--------+--------+--------+-----+--------+

Top non-repeatable levels by time:
  Lair:4: 2035 daAuts
  Lair:1: 1543 daAuts
  Lair:2: 1472 daAuts
  Lair:3: 1436 daAuts
     D:7: 942 daAuts
  Lair:5: 876 daAuts
     D:6: 864 daAuts
     D:4: 852 daAuts
     D:1: 832 daAuts
     D:3: 766 daAuts
     D:8: 760 daAuts
     D:5: 457 daAuts
     D:2: 424 daAuts
  Bailey: 354 daAuts
 Ossuary: 226 daAuts
